 Dungeon Crawl Stone Soup version bcrawl-1.23 (webtiles) character file.

Game seed: 10404380181461136134

49 Morbidden the Slasher (level 3, -1/23 HPs)
             Began as a Skeleton Reaver on May 30, 2020.
             Was a Follower of Vehumet.
             Slain by Terence
             ... wielding a +0 mace
              (5 damage)
             ... on level 2 of the Dungeon.
             The game lasted 00:02:41 (1232 turns).

Morbidden the Slasher (Skeleton Reaver)             Turns: 1232, Time: 00:02:41

Health: -1/23      AC:  5    Str: 16 (17) XL:     3   Next: 51%
Magic:  0/8        EV: 12    Int: 13      God:    Vehumet [*.....]
Gold:   102        SH:  0    Dex:  5 (7)  Spells: 8/9 levels left

rFire    . . .     SeeInvis .   a - +0 long sword
rCold    + . .     Gourm    .   (no shield)
rNeg     + + +     Faith    .   b - +0 steam dragon scales
rPois    ∞         Spirit   +   (no helmet)
rElec    .         Reflect  .   (no cloak)
rCorr    .         Harm     .   (no gloves)
MR       .....                  (no boots)
Stlth    +.........             (no amulet)
HPRegen  0.07/turn              (no ring)
MPRegen  0.11/turn              (no ring)

@: no status effects
A: no food or potions, cold resistance 1, deterioration 1, negative energy
resistance 3, torment resistance, unbreathing, magic shield, sturdy frame 1,
spell healing
a: Renounce Religion


You were on level 2 of the Dungeon.
You worshipped Vehumet.
Vehumet was aware of your devotion.
You were not hungry.

You visited 1 branch of the dungeon, and saw 2 of its levels.

You collected 102 gold pieces.

Inventory:

Hand Weapons
 a - a +0 long sword (weapon)
Armour
 b - +0 steam dragon scales (worn)
Scrolls
 c - 2 scrolls of immolation
 d - a scroll of identify
 e - a scroll of enchant weapon {unknown}
 f - a scroll of amnesia {unknown}
 g - a scroll of fear {unknown}
 h - a scroll of noise {unknown}


   Skills:
 * Level 3.3 Fighting
 * Level 4.6 Long Blades
 + Level 3.2 Dodging
 + Level 0.1 Stealth
 * Level 3.5 Spellcasting
 + Level 0.2 Conjurations


You had 8 spell levels left.
You knew the following spells:

 Your Spells              Type           Power        Failure   Level  Hunger
a - Magic Dart            Conj           #...         5%          1    N/A

Your spell library contained the following spells:

 Spells                   Type           Power        Failure   Level  Hunger
 Iskenderun's Battlesphe  Conj/Chrm      #.......     80%         5    N/A

Dungeon Overview and Level Annotations

Branches:
Dungeon (2/12)

Altars:
Nemelex Xobeh

Annotations:
D:2 Terence


Innate Abilities, Weirdness & Mutations

You do not eat or drink.
You are immune to poison.
Your flesh is cold resistant. (rC+)
Your body sometimes deteriorates upon taking damage.
You are immune to negative energy. (rN+++)
You are immune to unholy pain and torment.
You can survive without breathing.
When hurt, damage is shared between your health and your magic reserves.
Your movements are slightly less encumbered by armour. (ER -2)
Casting spells heals you.


Message History

Terence hits you with a +0 mace.
* * * LOW HITPOINT WARNING * * *
Unknown command.
Unknown command.
Unknown command.
Terence shouts, "Get ready for death!"
You see here a worm corpse.
You see here a cursed -3 dagger.
You see here a hunting sling.
You see here a kobold skeleton.
There is a stone staircase leading up here.
Casting: Magic Dart (safe; 5% risk of failure)
Confirm with . or Enter, or press ? or * to list all spells.
Aiming: Magic Dart (safe; 5% risk of failure)
Press: ? - help, Shift-Dir - straight line, f/p - Terence
Aim: Terence, wielding a +0 mace and wearing a +0 scale mail (moderately wounded)
The magic dart hits Terence but does no damage.
Terence is moderately wounded.
Terence hits you with a +0 mace!
You die...

### ##.# ..
..#..##### #...#
..
.........####..#
.. ....####......#
#....>.......#
#.##......##.....
. ##.....# #####
#. #....## # #.#
#### ##.@..# #
#..##.. #!@...# #
#....#####r#.### #
#.......)...# ##
##.........## .#
#...........#
.#####.).........#
.†..)............#
..<...#.........##


You could see Terence and a rat.

Vanquished Creatures
  A worm (D:2)
  A dart slug (D:1)
  A leopard gecko (D:1)
  3 giant cockroaches (D:1)
  4 goblins
  6 hobgoblins
  4 jackals (D:1)
  A ball python (D:1)
  4 bats (D:1)
  2 frilled lizards (D:2)
  7 kobolds
  5 rats
39 creatures vanquished.

Notes
Turn   | Place    | Note
-------+----------+-------------------------------------------
     0 | D:1      | Morbidden the Skeleton Reaver began the quest for the Orb.
     0 | D:1      | Reached XP level 1. HP: 14/14 MP: 4/4
   157 | D:1      | Reached skill level 4 in Long Blades
   157 | D:1      | Reached XP level 2. HP: 16/19 MP: 6/6
   532 | D:1      | Reached * piety under Vehumet
   532 | D:1      | Offered knowledge of Magic Dart by Vehumet.
   532 | D:1      | Reached XP level 3. HP: 15/23 MP: 5/7
   535 | D:1      | Learned a level 1 spell: Magic Dart
   740 | D:1      | Found a sparkling altar of Nemelex Xobeh.
  1192 | D:2      | Noticed Terence
  1232 | D:2      | Slain by Terence

Skill      XL: |  1 |
---------------+----+-----
Long Blades    | 4 |  4.6
Fighting       | |  3.3
Dodging        | |  3.2
Stealth        | |  0.1
Spellcasting   | |  3.5
Conjurations   | |  0.2

Action                   || total
-------------------------++-------
Melee: Long sword        ||   139
 Cast: Magic Dart        ||    13
  Use: Scroll            ||     2
Armor: Steam dragon scal ||    64
Dodge: Dodged            ||   117
